 Dungeon Crawl Stone Soup version 0.27-a0-1512-g99fd57bada (webtiles) character file.

Game seed: 7242933358602651603

18 Lekart the Skirmisher (level 2, -5/27 HPs)
             Began as a Draconian Chaos Knight on July 9, 2021.
             Was a Plaything of Xom.
             Slain by Terence (6 damage)
             ... on level 2 of the Dungeon.
             The game lasted 00:01:26 (1267 turns).

Lekart the Skirmisher (Draconian Chaos Knight)      Turns: 1267, Time: 00:01:27

Health: -5/27      AC:  4    Str: 14    XL:     2   Next: 48%
Magic:  2/2        EV: 12    Int: 12    God:    Xom [.....*]
Gold:   66         SH:  0    Dex: 10    Spells: 1/1 levels left

rFire    . . .     SeeInvis .   a - +0 falchion (chaos)
rCold    . . .     Faith    .   (no shield)
rNeg     . . .     Spirit   .   (armour unavailable)
rPois    .         Reflect  .   (helmet restricted)
rElec    .         Harm     .   (no cloak)
rCorr    .         Rampage  .   (no gloves)
Will     .....                  (no boots)
Stlth    +.........             (no amulet)
HPRegen  0.09/turn              (no ring)
MPRegen  0.08/turn              (no ring)

@: no status effects
A: AC +4, unfitting armour, cold-blooded
a: Renounce Religion


You were on level 2 of the Dungeon.
You worshipped Xom.
You were Xom's teddy bear.
You visited 1 branch of the dungeon, and saw 2 of its levels.

You collected 66 gold pieces.

Inventory:

Hand Weapons
 a - a +0 falchion of chaos (weapon)
Scrolls
 b - a scroll of identify {unknown}
 d - 2 scrolls of magic mapping {unknown}
Potions
 c - a potion of invisibility {unknown}


   Skills:
 + Level 3.8 Fighting
 + Level 3.3 Long Blades
 + Level 2.2 Dodging


You had one spell level left.
You didn't know any spells.
Your spell library was empty.

Dungeon Overview and Level Annotations

Branches:
Dungeon (2/15)

Altars:

Annotations:
D:2 Terence


Innate Abilities, Weirdness & Mutations

Your plain brown scales are hard. (AC +4)
You cannot fit into any form of body armour.
You are cold-blooded and may be slowed by cold attacks.


Message History

Done exploring.
No target in view!
Done exploring.
No target in view!
Done exploring.
(D) Dungeon
Where to? (? - help)
There is a stone staircase leading down here.
You climb downwards.
Found four items.
There is a stone staircase leading up here.
Terence the Incautious comes into view.
He is wielding a +0 mace and wearing a +3 ring mail of willpower.
Terence shouts!
Terence is nearby!
You hit Terence but do no damage. "How about this?"
Your 2 scrolls labelled DELIPR ZECLE briefly glow.
You are now Xom's teddy bear.
Terence hits you but does no damage. x2
Terence is nearby!
You hit Terence.
Terence flickers and vanishes!
Deactivating autopickup; reactivate with Ctrl-A.
Xom thinks this is hilarious!
Something hits you.
There is a strange disturbance nearby!
There is a strange disturbance nearby!
No target in view!
There is a strange disturbance nearby!
No target in view!
There is a strange disturbance nearby!
No target in view!
You miss something. You tail-slap something. Something hits you.
You hit something.
Your tail-slap misses something.
Something hits you but does no damage.
You closely miss something. You tail-slap something. Something hits you.
You hit something.
Your tail-slap misses something.
Something hits you.
You barely miss something. Something hits you!
* * * LOW HITPOINT WARNING * * *
You hit something but do no damage. Something hits you.
You die...

#############
..#........######
#{#.#####........
######@#.#
##........
..........#
##...#####.
#######.###
#....#$$$#. #.#
#....#(()#.
#.#####.#..#$?$#.
...........#####.
.#######.........
#. #<........ #.
#.#####...


There were no monsters in sight!

Vanquished Creatures
  2 endoplasms (D:1)
  A goblin (D:1)
  2 hobgoblins (D:1)
  3 jackals (D:1)
  2 ball pythons (D:1)
  2 bats (D:1)
  A frilled lizard (D:1)
  2 kobolds (D:1)
  A rat (D:1)
16 creatures vanquished.

Notes
Turn   | Place    | Note
-------+----------+-------------------------------------------
     0 | D:1      | Lekart the Draconian Chaos Knight began the quest for the
                  | Orb.
     0 | D:1      | Reached XP level 1. HP: 19/19 MP: 1/1
   281 | D:1      | Reached XP level 2. HP: 14/27 MP: 2/2
   371 | D:1      | XOM: silly message
   864 | D:1      | XOM: silly message
   913 | D:1      | XOM: silly message
  1258 | D:2      | Noticed Terence
  1260 | D:2      | XOM: silly message
  1266 | D:2      | HP: 1/27 [something (9)]
  1267 | D:2      | Slain by Terence

Illustrated notes

Levels and vault maps discovered:
D:1:      matt_arrival_grand_opening, layout_loops_ring, roderic_lattice_a,
          grunt_decor_cap, minmay_splitting_lines
D:2:      layout_loops_ring, due_unseen_surprise, uniq_terence

Action                   || total
-------------------------++-------
Melee: Falchion          ||    45
       Tailslap          ||     5
 Stab: Paralysed         ||     1
       Sleeping          ||     1
Armor: Skin              ||    17
Dodge: Dodged            ||    19
       Rpst.: Falchion   ||     6

Table legend: (Time is in decaauts)
 A = Elapsed time spent in this place.
 B = Non-inter-level travel time spent in this place.
 C = Inter-level travel time spent in this place.
 D = Time resting spent in this place.
 E = Time spent auto-exploring this place.
 F = Levels seen in this place.
 G = Mean time per level.
                   A        B        C        D        E       F      G
               +--------+--------+--------+--------+--------+-----+--------+
         Total |   1275 |   1258 |     17 |    177 |    973 |   2 |  637.5 |
       Dungeon |   1275 |   1258 |     17 |    177 |    973 |   2 |  637.5 |
               +--------+--------+--------+--------+--------+-----+--------+

Top non-repeatable levels by time:
     D:1: 1245 daAuts
     D:2: 29 daAuts
